 Dungeon Crawl Stone Soup version 0.28-a0-1084-ga282ea246d (webtiles) character file.

Game seed: 11096263160619387599

2945 ChaosChampion the Fighter (level 9, -19/77 HPs)
             Began as a Demonspawn Abyssal Knight on Dec 10, 2021.
             Was a Priest of Lugonu.
             Demolished by a death yak (24 damage)
             ... on level 8 of the Dungeon.
             The game lasted 00:38:07 (12060 turns).

ChaosChampion the Fighter (DsAK)                   Turns: 12060, Time: 00:38:08

Health: -19/77     AC: 12    Str: 17    XL:     9   Next: 51%
Magic:  0/10       EV: 10    Int: 20    God:    Lugonu [***...]
Gold:   323        SH:  0    Dex: 21    Spells: 10/10 levels left

rFire   . . .      SeeInvis +   F - +3 flail "Raeruy" {freeze, Int+3 SInv}
rCold   . . .      Faith    .   (no shield)
rNeg    . . .      Spirit   +   u - +0 chain mail {rPois}
rPois   +          Reflect  .   (helmet restricted)
rElec   .          Harm     .   (no cloak)
rCorr   .          Rampage  .   (no gloves)
Will    .....                   r - +0 pair of boots
Stlth   ..........              C - amulet of guardian spirit
HPRegen 0.22/turn               D - +6 ring of dexterity
MPRegen 0.12/turn               w - +6 ring of intelligence

@: no status effects
A: horns 2, rugged brown scales 1, demonic guardian 1
a: Renounce Religion, Depart the Abyss, Bend Space, Banish


You were on level 8 of the Dungeon.
You worshipped Lugonu.
Lugonu was most pleased with you.
You visited 3 branches of the dungeon, and saw 10 of its levels.
You visited the Abyss 1 time.

You collected 323 gold pieces.

Inventory:

Hand Weapons
 a - a +1 spear
 c - a +2 short sword of draining
 A - a +0 vorpal spear
 F - the +3 flail "Raeruy" (weapon) {freeze, Int+3 SInv}
   (You found it on level 1 of the Lair of Beasts)

   It freezes those it strikes, dealing additional cold damage.
   It can also slow down cold-blooded creatures.
   Int:       It affects your intelligence (+3).
   SInv:      It lets you see invisible.
 G - a +3 dagger of chaos
Armour
 r - a +0 pair of boots (worn)
 u - a +0 chain mail of poison resistance (worn)
Magical Staves
 z - a staff of fire
Jewellery
 e - a ring of magical power
 j - an amulet of the acrobat
 k - an amulet of reflection
 w - a +6 ring of intelligence (right hand)
 C - an amulet of guardian spirit (around neck)
 D - a +6 ring of dexterity (left hand)
Wands
 b - a wand of mindburst (17)
 o - a wand of flame (12)
 x - a wand of digging (5)
 B - a wand of iceblast (9)
Scrolls
 d - 5 scrolls of identify
 f - 3 scrolls of teleportation
 l - a scroll of noise {unknown}
 m - 2 scrolls of magic mapping {unknown}
 n - 5 scrolls of blinking {unknown}
 s - a scroll of immolation {unknown}
 y - a scroll of enchant armour {unknown}
Potions
 g - 2 potions of flight
 h - a potion of mutation {unknown}
 i - 6 potions of curing {unknown}
 p - a potion of resistance {unknown}
 q - a potion of degeneration {unknown}
 t - a potion of haste {unknown}
 v - 2 potions of brilliance {unknown}
 E - a potion of berserk rage {unknown}


   Skills:
 + Level 8.7 Fighting
 - Level 4.0 Short Blades
 + Level 1.2 Maces & Flails
 - Level 3.4 Polearms
 + Level 5.8 Armour
 + Level 5.2 Dodging
 - Level 0.2 Shields
 - Level 1.0 Spellcasting
 - Level 2.4 Invocations
 - Level 0.3 Evocations


You had 10 spell levels left.
You didn't know any spells.
Your spell library contained the following spells:

 Spells                   Type           Power      Damage    Failure   Level
 Slow                     Hex            4%         N/A       91%         1
 Ensorcelled Hibernation  Hex/Ice        2%         N/A       97%         2
 Confusing Touch          Hex            1%         N/A       100%        3
 Tukima's Dance           Hex            1%         N/A       100%        3
 Vampiric Draining        Necr           1%         2d6       100%        3


Dungeon Overview and Level Annotations

Branches:
Dungeon (8/15)             Temple (1/1) D:5            Lair (1/6) D:8

Altars:
Ashenzari
Cheibriados
Dithmenos
Elyvilon
Fedhas
Gozag
Hepliaklqana
Kikubaaqudgha
Makhleb
Nemelex Xobeh
Okawaru
Qazlal
Ru
Sif Muna
Trog
Uskayaw
Vehumet
Wu Jian
Xom
Yredelemnul
Zin
The Shining One

Shops:
D:2 ?   D:5 *

Annotations:
Lair:1 Prince Ribbit


Innate Abilities, Weirdness & Mutations

You have a pair of horns on your head.
You are partially covered in rugged brown scales. (AC +1, +3% HP)
A weak demonic guardian rushes to your aid.


Message History

There are monsters nearby!
There are monsters nearby!
The blink frog gives a loud, deep croak!
Prince Ribbit comes into view.
The blink frog blinks!
Prince Ribbit croaks.
You hear a croak.
The blink frog blinks! x2
You sock the blink frog!
The blink frog seems to slow down.
You freeze the blink frog.
The blink frog is moderately wounded.
The blink frog is no longer moving slowly.
A blink frog comes into view.
The blink frog hits you but does no damage.
Prince Ribbit hops awkwardly around.
You miss the blink frog.
The blink frog is moderately wounded.
Prince Ribbit hits you but does no damage.
The blink frog blinks!
Prince Ribbit hits you but does no damage.
The blink frog blinks!
A blink frog comes into view.
There is a staircase back to the Dungeon, spattered with blood here.
You sock Prince Ribbit! You freeze Prince Ribbit. You headbutt Prince Ribbit.
Prince Ribbit is moderately wounded.
Prince Ribbit hits you. Prince Ribbit closely misses you.
You miss Prince Ribbit. You headbutt Prince Ribbit.
Prince Ribbit is heavily wounded.
The blink frog blinks!
The blink frog hits you but does no damage. x2
Prince Ribbit hits you!
The blink frog blinks!
The blink frog hits you!
* * * LOW HITPOINT WARNING * * *
Prince Ribbit blinks!
The blink frog hits you!
* * * LOW HITPOINT WARNING * * *
A demonic guardian appears!
The blink frog blinks!
The blink frog barely misses you.
The blink frog blinks!
The blink frog hits you!
* * * LOW HITPOINT WARNING * * *
The blink frog blinks!
You climb upwards.
Welcome back to the Dungeon!
The death yak gores you!!
You die...

###############)##.####
#.. ###(##.### #[.
##........# #..
#.......#.# #..
#.........### #..
##............ ######..
##### ###..........###
#)...... .....
.........Y...#####...[...
#####
####....@........')......
#...Y...Y....##.......
##...........##.......
#...........##.......
#........##(....Y.#.#
#..(.....##...###.#.#
###.#...###...###.#.#
####...## #.........#
#......#####..#.#...#


You could see 3 death yaks.

Vanquished Creatures
  Psyche (D:8)
  Eustachio (D:5)
  An orc warrior (D:6)
  A sky beast (D:7)
  An ice beast (D:5)
  2 ogres (D:5)
  A centaur (D:6)
  2 phantoms
  3 bullfrogs
  A wyvern zombie (D:7)
  A gnoll sergeant (D:7)
  2 scorpions
  4 howler monkeys
  2 hounds
  3 jellies
  A gnoll shaman (D:3)
  An orc priest (D:6)
  A centaur skeleton (D:6)
  A bullfrog skeleton (D:5)
  5 iguanas
  5 orc wizards
  2 hell rats (D:7)
  A killer bee zombie (D:5)
  6 gnolls
  A howler monkey skeleton (D:5)
  3 adders
  A shadow imp (D:5)
  2 worms
  3 dart slugs
  14 orcs
  7 ball pythons
  7 endoplasms
  3 giant cockroaches
  5 goblins
  5 hobgoblins
  4 jackals
  4 quokkas
  2 bats
  A frilled lizard (D:2)
  5 kobolds
  4 rats
120 creatures vanquished.

Vanquished Creatures (collateral kills)
  Pikel (D:6)
  A jelly (D:5)
  A gnoll (D:3)
  An orc (D:5)
4 creatures vanquished.

Grand Total: 124 creatures vanquished

Notes
Turn   | Place    | Note
-------+----------+-------------------------------------------
     0 | Abyss:1  | ChaosChampion the Demonspawn Abyssal Knight began the quest
                  | for the Orb.
     0 | Abyss:1  | Reached XP level 1. HP: 18/18 MP: 2/2
    71 | Abyss:1  | Noticed a starcursed mass
    72 | Abyss:1  | Noticed a ynoxinul
    73 | Abyss:1  | Noticed a large abomination
    85 | D:1      | Escaped the Abyss
   209 | D:1      | Reached * piety under Lugonu
   226 | D:1      | Gained mutation: You have a pair of small horns on your
                  | head. [demonic ancestry]
   226 | D:1      | Reached XP level 2. HP: 8/24 MP: 3/3
   709 | D:2      | Found a faded altar of an unknown god.
   851 | D:2      | Reached skill level 4 in Fighting
   851 | D:2      | Reached skill level 1 in Dodging
   851 | D:2      | Gained mutation: You are partially covered in rugged brown
                  | scales. (AC +1, +3% HP) [demonic ancestry]
   851 | D:2      | Reached XP level 3. HP: 21/30 MP: 4/4
  1183 | D:2      | Found Cewe's Magic Scroll Emporium.
  1589 | D:3      | Noticed a scorpion
  1618 | D:3      | Killed a scorpion
  1619 | D:3      | Reached XP level 4. HP: 15/39 MP: 5/5
  1989 | D:3      | Reached ** piety under Lugonu
  2078 | D:3      | Gained mutation: A weak demonic guardian rushes to your
                  | aid. [demonic ancestry]
  2078 | D:3      | Reached XP level 5. HP: 23/44 MP: 6/6
  2081 | D:3      | Reached skill level 5 in Fighting
  3180 | D:4      | Noticed a phantom
  3217 | D:4      | Killed a phantom
  3218 | D:4      | Reached XP level 6. HP: 27/52 MP: 7/7
  3717 | D:5      | Entered Level 5 of the Dungeon
  3725 | D:5      | Found Keggaehy's General Store.
  4223 | D:5      | Noticed an ice beast
  4734 | D:5      | Reached skill level 6 in Fighting
  4734 | D:5      | Gained mutation: You have a pair of horns on your head.
                  | [demonic ancestry]
  4734 | D:5      | Reached XP level 7. HP: 47/59 MP: 8/8
  5045 | D:5      | Found a staircase to the Ecumenical Temple.
  5078 | Temple   | Entered the Ecumenical Temple
  5357 | D:5      | Reached skill level 1 in Spellcasting
  5482 | D:5      | Reached skill level 1 in Short Blades
  6002 | D:6      | Noticed Eustachio
  6135 | D:6      | Reached XP level 8. HP: 66/66 MP: 9/9
  7326 | D:5      | Killed Eustachio
  7327 | D:5      | Reached skill level 7 in Fighting
  9172 | D:7      | Noticed Pikel
  9237 | D:6      | Killed Pikel
  9238 | D:6      | Reached skill level 8 in Fighting
  9238 | D:6      | Reached skill level 5 in Armour
  9238 | D:6      | Reached XP level 9. HP: 14/76 MP: 10/10
 10433 | D:7      | Found an iron altar of Okawaru.
 10728 | D:8      | Noticed a death yak
 11119 | D:8      | Noticed a two-headed ogre
 11415 | D:8      | Noticed a death yak
 11416 | D:8      | Noticed a death yak
 11537 | D:8      | Found a staircase to the Lair.
 11693 | D:8      | Reached *** piety under Lugonu
 11704 | Lair:1   | Entered Level 1 of the Lair of Beasts
 11741 | Lair:1   | Identified the +3 flail "Raeruy" {freeze, Int+3 SInv}
 11774 | D:8      | Noticed Psyche
 11783 | D:8      | Killed Psyche
 11784 | D:8      | Reached skill level 1 in Maces & Flails
 11784 | D:8      | Reached skill level 5 in Dodging
 12052 | Lair:1   | Noticed Prince Ribbit
 12060 | D:8      | Demolished by a death yak

Illustrated notes

Levels and vault maps discovered:
D:1:      saegor_arrival_simple_a, layout_basic
D:2:      layout_loops_ring, serial_shops, shop, ebering_ecumenical_altar_rust
D:3:      layout_loops_ring
D:4:      layout_layer_cave
D:5:      layout_loops_ring, minmay_temple_entry_junction, serial_shops, shop
D:6:      layout_basic, uniq_eustachio
D:7:      layout_rooms, mainiacjoe_overflow_surrounded_room, uniq_pikel
D:8:      layout_basic, dpeg_lair_monsters, uniq_psyche
Temple:   mainiacjoe_temple_archimedes_tessellation
Lair:1:   layout_regular_city, serial_bayou_lagoon_a, grunt_megastairs_1,
          infiniplex_staircase_pool, lemuel_fruit_tree, uniq_prince_ribbit2

Skill      XL: |  1  2  3  4  5  6  7  8  9 |
---------------+----------------------------+-----
Fighting       | 4 5 6 8 |  8.7
Dodging        | 1 2 3 4 5 |  5.2
Armour         | 2 3 4 5 |  5.8
Polearms       | 2 3 |  3.4
Spellcasting   | 1 |  1.0
Short Blades   | 1 3 4 |  4.0
Maces & Flails | 1 |  1.2
Shields        | |  0.2
Invocations    | |  2.4
Evocations     | |  0.3

Action                   |  1- 3 |  4- 6 |  7- 9 || total
-------------------------+-------+-------+-------++-------
Melee: Short sword       |    83 |   101 |   280 ||   464
       Headbutt          |    12 |    20 |    71 ||   103
       Flail             |       |       |    16 ||    16
Invok: Depart the Abyss  |     1 |       |       ||     1
       Bend Space        |       |       |     1 ||     1
Evoke: Wand              |       |     7 |     1 ||     8
  Use: Scroll            |     5 |       |     1 ||     6
 Stab: Sleeping          |     1 |     1 |       ||     2
       Distracted        |       |       |     1 ||     1
Armor: Leather armour    |    15 |    18 |     8 ||    41
       Chain mail        |       |       |   142 ||   142
Dodge: Dodged            |    45 |    44 |   108 ||   197
Block: Other             |       |    11 |    69 ||    80
       Reflection        |       |       |     2 ||     2

Table legend: (Time is in decaauts)
 A = Elapsed time spent in this place.
 B = Non-inter-level travel time spent in this place.
 C = Inter-level travel time spent in this place.
 D = Time resting spent in this place.
 E = Time spent auto-exploring this place.
 F = Levels seen in this place.
 G = Mean time per level.
                   A        B        C        D        E       F      G
               +--------+--------+--------+--------+--------+-----+--------+
         Total |  12095 |  12055 |     40 |   4785 |   4076 |  11 | 1099.5 |
       Dungeon |  11659 |  11619 |     40 |   4741 |   3890 |   8 | 1457.4 |
        Temple |    229 |    229 |      0 |      0 |    186 |   1 |  229.0 |
          Lair |    120 |    120 |      0 |     44 |      0 |   1 |  120.0 |
         Abyss |     84 |     84 |      0 |      0 |      0 |   1 |   84.0 |
               +--------+--------+--------+--------+--------+-----+--------+

Top non-repeatable levels by time:
     D:6: 2912 daAuts
     D:5: 2711 daAuts
     D:7: 1747 daAuts
     D:2: 1088 daAuts
     D:4: 1046 daAuts
     D:3: 1045 daAuts
     D:1: 599 daAuts
     D:8: 508 daAuts
  Temple: 229 daAuts
  Lair:1: 120 daAuts
 Abyss:1: 84 daAuts
